 Dungeon Crawl Stone Soup version 0.21-a0-633-g4c047d5 (webtiles) character file.

67 Alarkh the Slasher (level 4, 19/35 HPs)
             Began as a Demonspawn Monk on Dec 28, 2017.
             Got out of the dungeon alive.
             The game lasted 00:02:15 (1633 turns).

Alarkh the Slasher (Demonspawn Monk)                Turns: 1633, Time: 00:02:16

Health: 19/35      AC:  3    Str: 11    XL:     4   Next: 0%
Magic:  4/4        EV: 13    Int: 12    God:
Gold:   43         SH:  0    Dex: 16    Spells: 3/3 levels left

rFire    . . .     SeeInvis .   a - +0 falchion
rCold    . . .     Gourm    .   (no shield)
rNeg     . . .     Faith    .   b - +0 robe
rPois    .         Spirit   +   (no helmet)
rElec    .         Reflect  .   (no cloak)
rCorr    .         Harm     .   k - +0 pair of gloves
MR       .....                  (no boots)
Stlth    ++........             (no amulet)
HPRegen  0.11/turn              (no ring)
MPRegen  0.09/turn              (no ring)

@: no status effects
A: powered by pain 1, magic shield
a: no special abilities


You escaped.
You were not hungry.

You visited 1 branch of the dungeon, and saw 2 of its levels.

You collected 43 gold pieces.

Inventory:

Hand Weapons
 a - a +0 falchion (weapon)
Armour
 b - a +0 robe (worn)
 k - a +0 pair of gloves (worn)
Scrolls
 f - 2 scrolls of identify {unknown}
 g - a scroll of remove curse
 h - a scroll of teleportation
Potions
 i - a potion of berserk rage
Comestibles
 c - 3 rations


   Skills:
 - Level 3.0 Fighting
 + Level 4.4 Long Blades
 - Level 2.6 Dodging
 - Level 1.7 Stealth


You had 3 spell levels left.
You didn't know any spells.

Dungeon Overview and Level Annotations

Branches:
Dungeon (2/15)

Altars:


Innate Abilities, Weirdness & Mutations

You sometimes gain a little power by taking damage.
When hurt, damage is shared between your health and your magic reserves.


Message History

You kill the goblin!
You have reached level 4!
You feel agile.
Your demonic ancestry asserts itself...
You feel your magical essence form a protective shroud around your flesh.
Sorry, you're not good enough to have a special ability.
d - a chunk of flesh You see here a rat skeleton. x2
You see here a stone.
You are starting to lose your buoyancy.
You float gracefully downwards.
There is a stone staircase leading up here.
You climb upwards.
There is a stone staircase leading down here.
You see here a scale mail.
There is a stone staircase leading down here.
Eating a chunk of flesh.
You eat the chunk of flesh.
This raw flesh tastes terrible.
There is a staircase leading out of the dungeon here.
Are you sure you want to leave the Dungeon?
This will make you lose the game!
You have escaped!

......##.##.# #####.#.#
#.######.##.# ##### #.....#.#
#.## #..##.###...## #.#####.#
...# #.###.....#..###.# ##.##
(#.# #..##.#..#(#..##.####...###
...# #.......#...#..............
.#.# #.[#####.....#####.##...###
.#.####...#...........#..###.## #
)#.)....#..#....@....#...###.# #
...######..#.........#.......# #
.#...(.#..#....(......#..#.### #
.......#.#####.....#####.#.# #
#..###........#...#......#.# #
...# #....###..#.#..#..###.## #
#..###..........#..##.......#####
#......########...###.####.......
#.........# ##.## #.# ##.####.


There were no monsters in sight!

Vanquished Creatures
  An adder (D:2)
  An ooze (D:1)
  4 dart slugs
  2 leopard geckos (D:1)
  A giant cockroach (D:2)
  7 hobgoblins
  3 jackals (D:2)
  A ball python (D:1)
  3 bats (D:1)
  A frilled lizard (D:1)
  9 goblins
  3 kobolds (D:2)
  7 rats
43 creatures vanquished.

Notes
Turn   | Place    | Note
-------+----------+-------------------------------------------
     0 | D:1      | Alarkh the Demonspawn Monk began the quest for the Orb.
     0 | D:1      | Reached XP level 1. HP: 18/18 MP: 1/1
    78 | D:1      | Reached skill level 3 in Long Blades
    93 | D:1      | Gained mutation: You sometimes gain a little power by taking damage. [demonic ancestry]
    93 | D:1      | Reached XP level 2. HP: 14/24 MP: 2/2
   647 | D:1      | Reached XP level 3. HP: 26/29 MP: 3/3
  1026 | D:2      | Reached skill level 4 in Long Blades
  1550 | D:2      | Gained mutation: When hurt, damage is shared between your health and your magic reserves. [demonic ancestry]
  1550 | D:2      | Reached XP level 4. HP: 10/35 MP: 4/4
  1633 | D:$      | Got out of the dungeon alive.

Vault maps used:
D:1:      scummos_arrival_star, minmay_surrounded
D:2:      lemuel_doored_altar, lemuel_crystal_altar, first_ration, uniq_jessica

Skill      XL: |  1  2  3 |
---------------+----------+-----
Long Blades    | 3 4 |  4.4
Fighting       | |  3.0
Dodging        | |  2.6
Stealth        | |  1.7

Action                   |  1- 3 |  4- 6 || total
-------------------------+-------+-------++-------
Melee: Falchion          |   115 |       ||   115
  Use: Potion            |     5 |       ||     5
       Scroll            |     2 |       ||     2
 Stab: Sleeping          |     7 |       ||     7
  Eat: Chunk             |     2 |     1 ||     3
Armor: Robe              |    26 |       ||    26
       Skin              |    25 |       ||    25
Dodge: Dodged            |    91 |       ||    91
       Rpst.: Falchion   |    32 |       ||    32

Table legend:
 A = Spawn XP
 B = Non-spawn XP
 C = Spawn XP percentage of total XP
 D = Spawn monster count
 E = Non-spawn monster count
 F = Spawn count percentage of total count
 G = Total turns spent on level
                    A         B        C        D         E        F      G
               +---------+---------+-------+---------+---------+-------+---------
         Total |       0 |      97 |   0.0 |       0 |      43 |   0.0 |  1633
               +---------+---------+-------+---------+---------+-------+---------
           D:1 |       0 |      49 |   0.0 |       0 |      23 |   0.0 |  1048
           D:2 |       0 |      48 |   0.0 |       0 |      20 |   0.0 |   585
               +---------+---------+-------+---------+---------+-------+---------
